 Dungeon Crawl Stone Soup version 0.22.1-1-ga44c0e5 (webtiles) character file.

404861 MalarOregon the Bludgeoner (level 22, 0/294 HPs)
             Began as a Minotaur Fighter on Sept 24, 2018.
             Was the Champion of Yredelemnul.
             Slain by a tengu reaver
             ... wielding a +2 great sword of slicing
              (9 damage)
             ... while paralysed by an ogre mage
             ... on level 5 of the Vaults.
             The game lasted 01:57:24 (43633 turns).

MalarOregon the Bludgeoner (Minotaur Fighter)      Turns: 43633, Time: 01:57:25

Health: 0/294      AC: 31    Str: 40    XL:     22   Next: 35%
Magic:  31/31      EV: -1    Int:  5    God:    Yredelemnul [******]
Gold:   4536       SH:  0    Dex: 33    Spells: 13/34 levels left

rFire    + + .     SeeInvis .   a - +8 mace of Distant Worlds {crush, Fragile rPois Str+2 Dex+10}
rCold    + + .     Gourm    .   F - +8 large shield of the Burgomaster {rC+}
rNeg     + + +     Faith    .   (armour currently unavailable)
rPois    +         Spirit   .   (helmet currently unavailable)
rElec    +         Reflect  +   (cloak currently unavailable)
rCorr    +         Harm     .   (gloves currently unavailable)
MR       +....     NoTele   +   (boots currently unavailable)
Stlth    +++.......             J - +4 amulet of reflection
HPRegen  0.59/turn              Z - +6 ring of dexterity
MPRegen  0.22/turn              i - ring of protection from fire

@: paralysed, mighty, agile, tree-form, resistant, very slightly contaminated,
constricted, invisible
A: (retaliatory headbutt), agile 1, strong 1
}: 2/15 runes: decaying, serpentine
a: Recall Undead Slaves, Injury Mirror, Animate Dead, Drain Life, Enslave Soul,
Renounce Religion


You were on level 5 of the Vaults.
You worshipped Yredelemnul.
Yredelemnul was exalted by your worship.
You were not hungry.
You were a tree.
You visited 9 branches of the dungeon, and saw 45 of its levels.
You visited 1 bazaar.
You also visited: Ice Cave and Volcano.

You collected 5174 gold pieces.
You spent 638 gold pieces at shops.

Inventory:

Hand Weapons
 a - the +8 mace of Distant Worlds (weapon) {crush, Fragile rPois Str+2 Dex+10}
   (You found it on level 6 of the Dungeon)

   It inflicts extra damage upon your enemies.
   It affects your strength (+2).
   It affects your dexterity (+10).
   It protects you from poison.
   It will be destroyed if unequipped.
Missiles
 G - 3 throwing nets (quivered) {!f}
Armour
 f - the +7 crystal plate armour of Anaesthesia (melded) {rC+}
   (You acquired it on level 2 of the Elven Halls)

   It protects you from cold.
 o - the +2 hat of Aciongeto (melded) {MR++ Int+4 Dex+3}
   (You found it on level 5 of the Depths)

   It affects your intelligence (+4).
   It affects your dexterity (+3).
   It affects your resistance to hostile enchantments.
 C - a +2 cloak of magic resistance (melded)
   (You took it off Crazy Yiuf on level 6 of the Dungeon)
 D - the +1 pair of boots of Disappointment (melded) {rPois Regen+ Int+2}
   (You acquired it on level 2 of the Elven Halls)

   It affects your intelligence (+2).
   It protects you from poison.
   It increases your rate of regeneration.
 F - the +8 large shield of the Burgomaster (worn) {rC+}
   (You acquired it on level 2 of the Elven Halls)

   It protects you from cold.
 O - a +2 pair of gloves of archery (melded)
   (You bought it in a shop on level 2 of the Vaults)
Jewellery
 i - a ring of protection from fire (right branch)
   (You found it on level 6 of the Lair of Beasts)
 l - an uncursed ring of protection from magic
   (You found it on level 3 of the Dungeon)
 r - an uncursed ring of ice
   (You found it on level 4 of the Dungeon)
 z - an uncursed ring of see invisible
   (You found it on level 4 of the Dungeon)
 J - a +4 amulet of reflection (around neck)
   (You found it on level 9 of the Dungeon)
 Q - an uncursed ring of flight
   (You found it on level 6 of the Dungeon)
 Z - a +6 ring of dexterity (left branch)
   (You found it on level 3 of the Snake Pit)
Wands
 c - a wand of disintegration (72)
   (You found it in an ice cave)
 d - a wand of iceblast (16)
   (You took it off Joseph on level 7 of the Dungeon)
 t - a wand of flame (134)
   (You found it on level 7 of the Dungeon)
 u - a wand of paralysis (10)
   (You found it on level 4 of the Dungeon)
 v - a wand of digging (8)
   (You found it on level 4 of the Vaults)
 x - a wand of acid (35)
   (You found it on level 7 of the Dungeon)
 K - a wand of clouds (5)
   (You took it off Urug on level 10 of the Dungeon)
Scrolls
 g - 17 scrolls of teleportation {@r4}
 h - 7 scrolls of fear
 k - 22 scrolls of remove curse {@r2}
 p - 3 scrolls of magic mapping
 A - 15 scrolls of identify {@r1}
 H - 6 scrolls of blinking
 L - 6 scrolls of fog
 M - 7 scrolls of immolation {!r}
 N - 2 scrolls of vulnerability {!r}
Potions
 b - 2 potions of resistance
 j - 20 potions of curing {@q1}
 m - 3 potions of might
 n - 5 potions of agility
 q - 5 potions of magic
 s - 7 potions of brilliance
 w - 2 potions of mutation {!q}
 y - 4 potions of flight
 B - a potion of heal wounds {@q2}
 I - 3 potions of cancellation
 P - 5 potions of lignification {!q}
 T - a potion of invisibility
 U - 6 potions of haste {@q3}
Miscellaneous
 S - 2 phantom mirrors
 Y - 4 boxes of beasts
Comestibles
 e - 60 rations {!d}


   Skills:
 + Level 16.4 Fighting
 + Level 18.4 Maces & Flails
 + Level 16.1 Armour
 + Level 14.6 Dodging
 * Level 17.8 Shields
 + Level 6.6 Spellcasting
 * Level 9.8 Transmutations
 * Level 9.7 Earth Magic
 + Level 13.6 Invocations
 + Level 12.8 Evocations


You had 13 spell levels left.
You knew the following spells:

 Your Spells              Type           Power        Failure   Level  Hunger
a - Petrify               Tmut/Erth      ##......     12%         4    #####..
b - Statue Form           Tmut/Erth      ##.......    88%         6    #######
c - Shatter               Erth           ##........   100%        9    #######
s - Sticks to Snakes      Tmut           ##......     1%          2    ###....

Your spell library contained the following spells:

 Spells                   Type           Power        Failure   Level  Hunger
 Beastly Appendage        Tmut           ##....       1%          1    #......
 Sandblast                Erth           ##....       1%          1    #......
 Passwall                 Tmut/Erth      ##......     1%          2    ###....
 Spider Form              Tmut/Pois      #.........   28%         3    ###....
 Blade Hands              Tmut           ##........   34%         5    ######.
 Lee's Rapid Deconstruct  Erth           ##........   34%         5    ######.
 Ignite Poison            Fire/Tmut/Pois #.......     47%         3    ###....
 Animate Skeleton         Necr           N/A          56%         1    #......
 Apportation              Tloc           #.....       56%         1    #......
 Confusing Touch          Hex            #.....       56%         1    #......
 Infusion                 Chrm           #...         56%         1    #......
 Magic Dart               Conj           #...         56%         1    #......
 Pain                     Necr           #...         56%         1    #......
 Shock                    Conj/Air       #...         56%         1    #......
 Summon Butterflies       Summ           #.......     56%         1    #......
 Summon Small Mammal      Summ           #...         56%         1    #......
 Ice Form                 Ice/Tmut       #.......     67%         4    #####..
 Leda's Liquefaction      Hex/Erth       #.........   67%         4    #####..
 Blink                    Tloc           N/A          71%         2    ###....
 Call Imp                 Summ           #.......     71%         2    ###....
 Corpse Rot               Necr           N/A          71%         2    ###....
 Searing Ray              Conj           #.....       71%         2    ###....
 Shroud of Golubria       Chrm/Tloc      #.........   71%         2    ###....
 Song of Slaying          Chrm           #.......     71%         2    ###....
 Sublimation of Blood     Necr           #.........   71%         2    ###....
 Swiftness                Chrm/Air       #.......     71%         2    ###....
 Call Canine Familiar     Summ           #.......     90%         3    ###....
 Confuse                  Hex            #.......     90%         3    ###....
 Conjure Flame            Conj/Fire      #.......     90%         3    ###....
 Dazzling Spray           Conj/Hex       #.....       90%         3    ###....
 Gell's Gravitas          Tloc           #.........   90%         3    ###....
 Lesser Beckoning         Tloc           #.........   90%         3    ###....
 Mephitic Cloud           Conj/Pois/Air  #.......     90%         3    ###....
 Static Discharge         Conj/Air       #.......     90%         3    ###....
 Summon Guardian Golem    Hex/Summ       #.......     90%         3    ###....
 Teleport Other           Tloc           #.......     90%         3    ###....
 Tukima's Dance           Hex            #.......     90%         3    ###....
 Vampiric Draining        Necr           #.........   90%         3    ###....
 Alistair's Intoxication  Tmut/Pois      #.......     95%         5    ######.
 Irradiate                Conj/Tmut      #.........   95%         5    ######.
 Yara's Violent Unravell  Hex/Tmut       #.........   95%         5    ######.
 Bolt of Magma            Conj/Fire/Erth #.........   99%         5    ######.
 Airstrike                Air            #.........   100%        4    #####..
 Force Lance              Conj/Tloc      #.......     100%        4    #####..
 Fulminant Prism          Conj/Hex       #.........   100%        4    #####..
 Iskenderun's Mystic Bla  Conj           #.......     100%        4    #####..
 Passage of Golubria      Tloc           N/A          100%        4    #####..
 Summon Ice Beast         Ice/Summ       #.......     100%        4    #####..
 Summon Lightning Spire   Summ/Air       #.......     100%        4    #####..
 Dispel Undead            Necr           #.......     100%        5    ######.
 Lightning Bolt           Conj/Air       #.........   100%        5    ######.
 Metabolic Englaciation   Hex/Ice        #.........   100%        5    ######.
 Summon Mana Viper        Hex/Summ       #.......     100%        5    ######.
 Bolt of Cold             Conj/Ice       #.........   100%        6    #######
 Darkness                 Hex            #.........   100%        6    #######
 Freezing Cloud           Conj/Ice/Air   #.........   100%        6    #######
 Invisibility             Hex            #.......     100%        6    #######
 Iron Shot                Conj/Erth      #.........   100%        6    #######
 Ozocubu's Refrigeration  Ice            #.........   100%        6    #######
 Simulacrum               Ice/Necr       #.........   100%        6    #######
 Ring of Flames           Chrm/Fire      #.........   100%        7    #######
 Summon Hydra             Summ           #.........   100%        7    #######


Dungeon Overview and Level Annotations

Branches:
Dungeon (15/15)            Temple (1/1) D:6            Lair (6/6) D:11
  Swamp (4/4) Lair:3        Snake (4/4) Lair:2        Slime (0/5) Lair:6
    Orc (2/2) D:10            Elf (3/3) Orc:2        Vaults (5/5) D:14
  Crypt (0/3) Vaults:2     Depths (5/5) D:15            Zot (0/5) Depths:5

Altars:
Ashenzari
Cheibriados
Dithmenos
Elyvilon
Fedhas
Gozag
Hepliaklqana
Kikubaaqudgha
Makhleb
Nemelex Xobeh
Okawaru
Qazlal
Ru
Sif Muna
Trog
Uskayaw
Vehumet
Wu Jian
Xom
Yredelemnul
Zin
The Shining One
Jiyva

Shops:
D:4 (   D:6 =   Orc:2 %:*%   Snake:3 *}:[*   Vaults:1 %   Vaults:2 :(*:(
Depths:2 =*   Depths:4 =?*

Portals:
Hell: Depths:1 Depths:3 Depths:4 Depths:5
Abyss: Depths:2 Depths:3 Depths:4
Pandemonium: Depths:3
Ziggurat: Depths:1
Trove: Vaults:3 (give 18 scrolls of identify)

Annotations:
Elf:3 1 runed door, zapotec's ghost, adept GrFi
Vaults:5 Mara


Innate Abilities, Weirdness & Mutations

((You reflexively headbutt those who attack you in melee.))
((You have a pair of horns on your head.))
You are agile. (Dex +2)
((You are resistant to electric shocks. (rElec)))
Your muscles are strong. (Str +2)


Message History

The floating eye changes into a snapping turtle!
The deep elf elementalist mumbles some strange words.
The deep elf elementalist seems to speed up.
The vault warden hits you from afar with a bardiche of chopping!!
* * * LOW HITPOINT WARNING * * *
* * * LOW HITPOINT WARNING * * *
A deep elf high priest comes into view. It is wielding a long sword.
The deep elf sorcerer is engulfed in blazing flames.
You block the tengu reaver's attack.
The tengu reaver pecks you but does no damage.
You block the tengu reaver's attack.
The ogre mage casts a spell at something.
You block the ironbrand convoker's attack.
You block the tentacled monstrosity's attack.
The tentacled monstrosity tentacle-slaps you but does no damage. x2
The ogre mage gestures at you while chanting.
You suddenly lose the ability to move!
The storm dragon bites you!
* * * LOW HITPOINT WARNING * * *
The storm dragon claws you.
* * * LOW HITPOINT WARNING * * *
The storm dragon tramples you but does no damage.
The deep elf high priest hits you but does no damage.
Your hearing returns.
The deep elf high priest shouts!
The harpy claws you.
* * * LOW HITPOINT WARNING * * *
The harpy claws you but does no damage.
The deep elf annihilator casts a spell.
The deep elf annihilator blinks!
The tentacled monstrosity tentacle-slaps you but does no damage. x3
* * * LOW HITPOINT WARNING * * *
The tentacled monstrosity constricts you.
The titan waves its arms in wide circles.
The air twists around and strikes you!
* * * LOW HITPOINT WARNING * * *
The ogre mage hits you but does no damage.
A titan comes into view.
The yaktaur captain shoots a bolt.
The bolt hits the titan!
The storm dragon bites you but does no damage.
The storm dragon claws you but does no damage.
The storm dragon tramples you but does no damage.
The tentacled monstrosity tentacle-slaps you but does no damage.
The tentacled monstrosity tentacle-slaps you.
* * * LOW HITPOINT WARNING * * *
The tentacled monstrosity tentacle-slaps you but does no damage.
The ironbrand convoker hits you with a morningstar.
* * * LOW HITPOINT WARNING * * *
The tengu reaver hits you with a great sword of slicing!
You die...
Your body rises from the dead as a mindless zombie. #....# #.RO.# ## . #....# #.## CD###..O.##.#.# #...oOO..#Q#.# #o.eoeee9pe.#

#..eepOpXt.####
...De*Q♣Do.....
....eDXeH......
....eHCDE§.....
...{ocCpE......
###.§.p..eE####
#.......ce.
.t#e#....#...
.#.##....##§..


You could see Mara, a shadow dragon, 2 tentacled monstrosities, an ironheart
preserver, 3 titans, 2 storm dragons, a quicksilver dragon, a vault warden, a
tengu reaver, 2 yaktaur captains, a seven-headed hydra shaped shifter, an orc
knight, a deep elf annihilator, 3 deep elf sorcerers, 3 deep elf elementalists,
a snapping turtle shaped shifter, a two-headed ogre, 2 ogre magi, a war
gargoyle, a vault sentinel, a deep elf knight, 4 deep elf high priests, 2
ironbrand convokers, 2 deep elf magi, 2 harpies, 3 fire elementals, an orc
warrior (wandering), a crocodile, 2 ogres, a tengu shaped shifter (wandering),
an orc priest, an orc wizard, a battlesphere and an orc.

Vanquished Creatures
  A juggernaut (Depths:4)
  Boris (Vaults:4)
  Margery (Vaults:3)
  A caustic shrike (Depths:5)
  2 tentacled monstrosities
  2 deep elf blademasters (Elf:3)
  A deep elf master archer (Elf:3)
  A quicksilver dragon (Depths:4)
  4 sphinxes
  3 storm dragons
  2 nagarajas
  2 tengu reavers
  Donald (Orc:2)
  5 vault wardens
  2 fire giants
  The ghost of Piuleypsy the Warrior, an adept GrFi of Qazlal (Snake:1)
  The ghost of Edwards80 the Severer, a journeyman MiBe of Trog (Lair:6)
  3 deep elf sorcerers
  Louise (D:14)
  A balrug (Depths:4)
  2 frost giants
  2 deep elf elementalists (Elf:3)
  6 stone giants
  6 very ugly things
  3 deep elf demonologists
  5 ironheart preservers
  A black draconian (Depths:5)
  2 vampire knights
  Nessos (Orc:2)
  7 deep elf annihilators
  A red draconian (Depths:5)
  Snorg (D:11)
  8 ettins
  3 deep elf death magi (Elf:3)
  A crystal guardian (Vaults:3)
  An eidolon (Vaults:2)
  3 deep elf high priests (Elf:3)
  3 ice dragons
  25 vault guards
  6 yaktaur captains
  3 great orbs of eyes
  5 fire dragons
  8 ogre magi
  9 naga warriors
  2 rakshasas
  10 hydras
  3 catoblepae (Lair:6)
  7 alligators
  3 centaur warriors
  7 anacondas
  46 two-headed ogres
  3 death yaks (Lair:6)
  A death knight (Vaults:3)
  4 tengu warriors
  3 deep troll earth magi
  3 deep troll shamans
  13 dancing weapons
  Urug (D:10)
  6 naga sharpshooters
  2 spriggan berserkers
  3 shock serpents
  10 deep elf knights
  5 sun demons
  Nergalle (Lair:1)
  5 iron trolls (Depths:1)
  3 hell knights
  3 skeletal warriors (Vaults:1)
  A spriggan druid (Swamp:3)
  2 shambling mangroves (Swamp:2)
  10 deep trolls
  2 salamander mystics
  An unseen horror (D:11)
  7 deep elf archers
  4 swamp dragons
  A lindwurm (shapeshifter) (Vaults:4)
  6 ironbrand convokers
  2 necromancers (Vaults:3)
  A wolf spider zombie (D:15)
  A harpy (Vaults:4)
  5 mana vipers
  A harpy (shapeshifter) (D:15)
  18 ugly things
  5 orc sorcerers
  7 orc knights
  3 wolf spiders (Vaults:2)
  47 deep elf magi
  2 manticores
  A salamander (Snake:4)
  7 elephants (Lair:4)
  7 vault sentinels
  A rust devil (Depths:3)
  10 naga magi
  3 ice statues (IceCv)
  A smoke demon (Depths:3)
  18 black mambas
  4 guardian serpents
  Joseph (D:7)
  A molten gargoyle (Volcano)
  14 spiny frogs
  3 gargoyles
  6 freezing wraiths
  20 yaktaurs
  3 rime drakes
  2 komodo dragons (shapeshifter)
  An ice devil (Depths:1)
  9 komodo dragons
  2 red devils (Depths:3)
  A hornet (shapeshifter) (D:15)
  2 tengu conjurers
  A jumping spider (shapeshifter) (D:15)
  5 trolls
  3 hornets
  3 tyrant leeches
  21 slime creatures
  10 blink frogs
  6 bog bodies
  7 hippogriffs
  3 dream sheep (Lair:6)
  3 air elementals
  4 redbacks (Snake:4)
  7 shadows
  A vampire (D:10)
  3 wyverns
  5 spriggans
  7 water elementals
  5 wraiths
  9 humans
  A human (shapeshifter) (Vaults:4)
  2 basilisks
  39 yaks
  2 fire elementals
  A yak (shapeshifter) (Vaults:4)
  5 hogs
  3 hungry ghosts
  A steam dragon (Lair:2)
  Menkaure (D:6)
  14 vampire mosquitoes
  6 swamp worms
  A swamp worm (shapeshifter) (Elf:1)
  29 nagas
  3 wargs
  3 acid dragons
  A soldier ant (D:15)
  8 insubstantial wisps
  13 water moccasins
  14 porcupines
  11 swamp drakes
  17 orc warriors
  2 black bears
  10 ice beasts
  An ice beast (shapeshifter) (Vaults:4)
  3 sky beasts
  3 phantoms
  2 eyes of draining
  30 ogres
  12 boggarts
  15 wolves
  A tengu (shapeshifter) (D:15)
  9 centaurs
  7 crocodiles
  2 big kobolds
  18 bullfrogs
  3 earth elementals
  A water moccasin zombie (D:9)
  2 scorpions
  2 wyvern skeletons (D:14)
  6 killer bees
  6 howler monkeys
  7 wights
  5 jellies
  6 crimson imps
  A centaur zombie (D:8)
  2 bullfrog zombies
  5 hounds
  2 quasits
  Crazy Yiuf (D:6)
  A gnoll shaman (D:8)
  2 centaur skeletons
  8 orc priests
  24 orc wizards
  5 iguanas
  8 worker ants
  3 hound zombies
  A worker ant zombie (D:13)
  13 gnolls
  A howler monkey skeleton (D:5)
  9 adders
  9 shadow imps
  A white imp (Depths:3)
  An adder skeleton (D:7)
  5 worms
  2 dart slugs
  2 leopard geckos
  75 orcs
  7 bats
  10 giant cockroaches
  6 goblins
  8 hobgoblins
  6 jackals
  6 quokkas
  3 ball pythons
  3 frilled lizards
  13 kobolds
  A quokka zombie (D:6)
  8 rats
  3 briar patches (Swamp:4)
  3 fungi
  2 plants
1226 creatures vanquished.

Vanquished Creatures (collateral kills)
  2 caustic shrikes (Depths:5)
  Jory (Depths:3)
  Nikola (Snake:2)
  A Brimstone Fiend (Depths:1)
  An Ice Fiend (Depths:1)
  Asterion (Snake:2)
  5 thorn hunters
  Kirke (D:12)
  A sphinx (Depths:2)
  A shadow dragon (Depths:5)
  8 nagarajas
  Roxanne (D:14)
  2 fire giants
  3 frost giants
  A deep elf sorcerer (Elf:3)
  A draconian shifter (Depths:5)
  A cacodemon (Depths:3)
  2 balrugs (Depths:1)
  2 deep elf elementalists
  2 ironheart preservers
  A vampire knight (Depths:5)
  A draconian annihilator (Depths:5)
  3 very ugly things
  7 deep elf annihilators
  6 stone giants
  5 deep elf demonologists
  2 purple draconians (Depths:5)
  4 ettins
  2 deep elf death magi (Elf:3)
  2 blizzard demons (Depths:1)
  2 great orbs of eyes
  Fannar (Lair:3)
  Josephine (Orc:2)
  2 ghost crabs
  12 hydras
  2 rakshasas
  A yaktaur captain (Depths:4)
  A vault guard (Vaults:4)
  11 naga warriors
  6 ice dragons
  3 spriggan air magi
  7 centaur warriors
  3 ogre magi
  11 dancing weapons
  3 anacondas
  A death yak (Lair:6)
  5 tengu warriors
  4 alligators
  3 deep troll shamans
  A vampire mage (Depths:4)
  3 shock serpents
  12 two-headed ogres
  12 naga sharpshooters
  A deep troll earth mage (Depths:5)
  2 spriggan berserkers
  A soul eater (Depths:3)
  5 deep elf knights
  4 hell knights
  3 sun demons
  2 iron trolls
  2 skeletal warriors
  3 salamander mystics
  2 spriggan druids
  9 deep trolls
  9 deep elf archers
  An obsidian statue (Vaults:2)
  A flayed ghost (Depths:3)
  5 naga ritualists
  2 ironbrand convokers
  7 swamp dragons
  5 wizards
  A necromancer (Depths:3)
  4 orc knights
  24 deep elf magi
  4 mana vipers
  3 lindwurms (Swamp:4)
  A cyclops (D:15)
  A manticore (Lair:6)
  15 ugly things
  3 salamanders
  A cyclops (shapeshifter) (Depths:3)
  A black mamba (shapeshifter) (D:14)
  2 vault sentinels
  2 guardian serpents
  2 elephants (Lair:4)
  10 naga magi
  19 black mambas
  4 spiny frogs
  A centaur skeleton (D:15)
  A gargoyle (Volcano)
  3 freezing wraiths (Vaults:3)
  A komodo dragon (Lair:3)
  A rime drake (Lair:5)
  11 yaktaurs
  5 ice devils (Depths:1)
  2 trolls (D:14)
  7 tyrant leeches
  4 tengu conjurers
  A hornet (shapeshifter) (Depths:3)
  7 hornets
  18 slime creatures
  11 blink frogs
  2 hippogriffs
  4 dream sheep (Lair:6)
  4 bog bodies
  A spriggan (shapeshifter) (Depths:4)
  3 spriggans
  4 redbacks (Snake:4)
  2 vampires
  An air elemental (Elf:2)
  3 wraiths
  6 water elementals
  A wyvern (D:13)
  2 shadows
  2 hogs (D:12)
  21 yaks
  8 humans (D:14)
  2 fire elementals
  2 basilisks (D:14)
  4 vampire mosquitoes
  10 insubstantial wisps
  21 nagas
  6 swamp worms
  4 water moccasins
  2 porcupines
  3 orc warriors
  A sky beast (D:15)
  4 swamp drakes
  An eye of draining (D:15)
  8 centaurs
  9 ogres
  4 wolves
  A crocodile (Lair:5)
  A big kobold (D:14)
  A bullfrog (D:10)
  A glowing shapeshifter simulacrum (Vaults:3)
  2 earth elementals
  A gnoll sergeant (D:10)
  3 electric eels
  2 howler monkeys (D:14)
  2 crimson imps
  A bullfrog zombie (D:12)
  2 iron imps (Depths:3)
  A quasit (D:12)
  An orc wizard (D:13)
  A worker ant (D:11)
  A gnoll (D:10)
  An ufetubus (Depths:3)
  2 orcs (D:11)
  2 kobolds (D:14)
  4 briar patches (Swamp:4)
  A bush (Lair:6)
  27 fungi
  24 plants
  2 withered plants (Swamp:3)
641 creatures vanquished.

Vanquished Creatures (others)
  Vashnia (Snake:2)
  3 profane servitors
  A deep elf master archer (Elf:3)
  A thorn hunter (Swamp:4)
  A frost giant (Depths:4)
  6 ghouls
  2 stone giants
  4 vampire knights
  A deep elf death mage (Vaults:5)
  A deep elf high priest (Elf:2)
  A yaktaur captain (Depths:3)
  2 centaur warriors
  A dancing weapon (Elf:1)
  A skeletal warrior (Depths:1)
  A hell knight (Vaults:3)
  7 flayed ghosts
  A deep elf archer (Elf:2)
  An ironbrand convoker (Vaults:4)
  8 phantasmal warriors
  2 harpies (Vaults:5)
  2 yaktaurs
  5 flying skulls
  8 vampires
  A wraith (Depths:4)
  A human (D:15)
  An orc warrior (Vaults:2)
  A dream sheep zombie (Lair:6)
  3 blink frog zombies
  A boggart (Vaults:2)
  A centaur (Depths:3)
  2 yak zombies (Lair:6)
  A wolf zombie (Lair:6)
  2 wights
  2 porcupine zombies (D:11)
  A crocodile zombie (D:11)
  2 mummies
  A howler monkey skeleton (D:11)
  3 briar patches (Swamp:4)
  2 crawling corpses (Elf:3)
  4 fungi
  7 plants
  A withered plant (Swamp:3)
98 creatures vanquished.

Grand Total: 1965 creatures vanquished

Notes
Turn   | Place    | Note
-------+----------+-------------------------------------------
     0 | D:1      | MalarOregon the Minotaur Fighter began the quest for the
                  | Orb.
     0 | D:1      | Reached XP level 1. HP: 19/19 MP: 0/0
   106 | D:1      | Reached skill level 3 in Maces & Flails
   106 | D:1      | Reached XP level 2. HP: 3/26 MP: 1/1
   619 | D:1      | Reached XP level 3. HP: 31/31 MP: 2/2
   795 | D:2      | Reached skill level 4 in Maces & Flails
  1322 | D:2      | Reached XP level 4. HP: 33/39 MP: 3/3
  1657 | D:2      | Reached skill level 5 in Maces & Flails
  1902 | D:3      | Reached XP level 5. HP: 33/45 MP: 4/4
  1908 | D:3      | Reached skill level 5 in Shields
  1952 | D:3      | Reached skill level 6 in Maces & Flails
  2239 | D:3      | Found an ornate altar of the Wu Jian Council.
  2262 | D:3      | Found a shimmering altar of Xom.
  2544 | D:3      | Reached XP level 6. HP: 32/51 MP: 5/5
  2983 | D:4      | Reached skill level 7 in Maces & Flails
  3286 | D:4      | Found Zebb's Antique Weapon Emporium.
  3805 | D:5      | Entered Level 5 of the Dungeon
  3882 | D:5      | Reached XP level 7. HP: 45/57 MP: 6/6
  3990 | D:5      | Reached skill level 8 in Maces & Flails
  4612 | D:6      | Noticed Menkaure
  4618 | D:6      | Killed Menkaure
  4618 | D:6      | Reached skill level 9 in Maces & Flails
  4644 | D:6      | Reached XP level 8. HP: 62/64 MP: 7/7
  4748 | D:6      | Found a sacrificial altar of Ru.
  4803 | D:6      | Found Soympaw's Jewellery Shop.
  4954 | D:6      | Found a staircase to the Ecumenical Temple.
  4971 | D:6      | Reached skill level 10 in Maces & Flails
  4979 | Temple   | Entered the Ecumenical Temple
  5010 | Temple   | Became a worshipper of Yredelemnul the Dark
  5408 | D:6      | Found a runed door.
  5411 | D:6      | Got a transparent mace
  5417 | D:6      | Noticed Crazy Yiuf
  5422 | D:6      | Killed Crazy Yiuf
  5424 | D:6      | Got a scorched mace
  5483 | D:7      | Identified the cursed +0 mace of Yqimmov {drain, rN+ Str+2
                  | Dex-2} (You found it on level 6 of the Dungeon)
  5555 | D:7      | Noticed Joseph
  5575 | D:7      | Killed Joseph
  5670 | D:7      | Reached skill level 11 in Maces & Flails
  5712 | D:7      | Reached XP level 9. HP: 39/70 MP: 8/8
  5729 | D:7      | Reached skill level 12 in Maces & Flails
  5980 | D:7      | Found a sparkling altar of Nemelex Xobeh.
  6108 | D:7      | Identified the +8 mace of Distant Worlds {crush, Fragile
                  | rPois Str+2 Dex+10} (You found it on level 6 of the
                  | Dungeon)
  6325 | D:7      | Found a white marble altar of Elyvilon.
  6395 | D:7      | Reached skill level 10 in Shields
  6451 | D:8      | Reached * piety under Yredelemnul
  6451 | D:8      | Reached skill level 13 in Maces & Flails
  6529 | D:8      | Noticed a two-headed ogre
  6537 | D:8      | Killed a two-headed ogre
  6537 | D:8      | Reached skill level 14 in Maces & Flails
  6537 | D:8      | Reached XP level 10. HP: 67/77 MP: 9/9
  6624 | D:8      | Reached ** piety under Yredelemnul
  6849 | D:8      | Found a burning altar of Makhleb.
  6849 | D:8      | Noticed a green death
  6853 | D:8      | Noticed an orange demon
  6853 | D:8      | Noticed an orange demon
  6968 | D:8      | Found a bloodstained altar of Trog.
  7225 | D:9      | Reached skill level 1 in Dodging
  7225 | D:9      | Reached skill level 1 in Evocations
  7231 | D:9      | Reached skill level 1 in Invocations
  7295 | D:9      | Reached skill level 5 in Armour
  7436 | D:9      | Reached skill level 5 in Fighting
  7440 | D:9      | Identified 4 scrolls of acquirement
  7633 | D:9      | Reached *** piety under Yredelemnul
  7912 | D:10     | Entered Level 10 of the Dungeon
  7923 | D:10     | Received a gift from Yredelemnul (a wight)
  7928 | D:10     | Reached XP level 11. HP: 88/88 MP: 11/11
  8109 | D:10     | Noticed Urug
  8119 | D:10     | Killed Urug
  8287 | D:10     | Received a gift from Yredelemnul (2 flying skulls)
  8393 | D:10     | Found a staircase to the Orcish Mines.
  8627 | D:11     | Found a staircase to the Lair.
  8693 | D:11     | Noticed an unseen horror
  8704 | D:11     | Killed an unseen horror
  8779 | D:11     | Reached **** piety under Yredelemnul
  8973 | D:11     | Noticed a red ugly thing
  8976 | D:11     | Noticed a two-headed ogre
  8981 | D:11     | Killed a red ugly thing
  8985 | D:11     | Killed a two-headed ogre
  9234 | D:12     | Found a frozen archway.
  9238 | IceCv    | Entered an ice cave
  9253 | IceCv    | Reached skill level 5 in Dodging
  9259 | IceCv    | Received a gift from Yredelemnul (a mummy)
  9274 | IceCv    | Noticed a white ugly thing
  9285 | IceCv    | Killed a white ugly thing
  9312 | IceCv    | Noticed a white ugly thing
  9491 | IceCv    | Reached XP level 12. HP: 78/100 MP: 14/14
 10187 | D:12     | Reached skill level 5 in Invocations
 10188 | D:12     | Noticed Kirke
 10203 | D:12     | Killed Kirke
 10257 | D:12     | Noticed a two-headed ogre
 10264 | D:12     | Killed a two-headed ogre
 10525 | D:12     | Received a gift from Yredelemnul (a mummy)
 10803 | Lair:1   | Entered Level 1 of the Lair of Beasts
 10840 | Lair:1   | Reached skill level 5 in Evocations
 11263 | Lair:1   | Noticed Nergalle
 11276 | Lair:1   | Killed Nergalle
 11581 | Lair:2   | Identified the Disquisition on Cloudy Combat Magic
 11614 | Lair:2   | Found a staircase to the Snake Pit.
 11824 | Lair:2   | Got a bloodstained leather armour
 12304 | Snake:1  | Entered Level 1 of the Snake Pit
 12304 | Snake:1  | Noticed an anaconda
 12304 | Snake:1  | Noticed an anaconda
 12304 | Snake:1  | Noticed a naga warrior
 12305 | Snake:1  | Noticed a naga warrior
 12376 | Lair:3   | Noticed Fannar
 12387 | Lair:3   | Killed Fannar
 12396 | Lair:3   | Got a faintly humming leather armour
 12416 | Lair:3   | Received a gift from Yredelemnul (a vampire)
 12511 | Lair:3   | Found a staircase to the Swamp.
 12664 | Lair:3   | Reached XP level 13. HP: 111/111 MP: 16/16
 13303 | Lair:4   | Received a gift from Yredelemnul (3 flying skulls)
 13376 | Lair:4   | Reached skill level 15 in Maces & Flails
 13413 | Lair:4   | Received a gift from Yredelemnul (a phantasmal warrior)
 14278 | Lair:5   | Reached ***** piety under Yredelemnul
 14482 | Lair:5   | Received a gift from Yredelemnul (a wight)
 14751 | Lair:5   | Reached skill level 10 in Fighting
 14751 | Lair:5   | Reached skill level 10 in Armour
 15130 | Lair:6   | Entered Level 6 of the Lair of Beasts
 15209 | Lair:6   | Received a gift from Yredelemnul (a vampire)
 15243 | Lair:6   | Received a gift from Yredelemnul (a wraith)
 15318 | Lair:6   | Received a gift from Yredelemnul (a wraith)
 15372 | Lair:6   | Reached XP level 14. HP: 99/122 MP: 18/18
 15384 | Lair:6   | Received a gift from Yredelemnul (a flayed ghost)
 15575 | Lair:6   | Identified the +0 leather armour "Laenan" {+Inv Int+3
                  | Slay-4} (You found it on level 2 of the Lair of Beasts)
 15585 | Lair:6   | Identified the +3 leather armour of Leaves {*Contam rC+++
                  | Slay+3 Stlth+} (You found it on level 3 of the Lair of
                  | Beasts)
 15596 | Lair:6   | Got a crude hat
 15607 | Lair:6   | Identified the +2 hat of Lesser Demons {Dex+3} (You found
                  | it on level 6 of the Lair of Beasts)
 15942 | Lair:6   | Received a gift from Yredelemnul (a phantasmal warrior)
 16073 | Lair:6   | Found a viscous altar of Jiyva.
 16073 | Lair:6   | Found a staircase to the Slime Pits.
 16121 | Lair:6   | Found a runed gate.
 16121 | Lair:6   | Found a runed gate.
 16122 | Lair:6   | Found a runed gate.
 16153 | Lair:6   | Noticed Edwards80's ghost (journeyman MiBe)
 16306 | Lair:6   | Killed Edwards80's ghost
 16916 | Lair:2   | Received a gift from Yredelemnul (a phantasmal warrior)
 17233 | Snake:1  | Received a gift from Yredelemnul (a vampire knight)
 17972 | Snake:1  | Found a runed door.
 18047 | Snake:1  | Noticed Piuleypsy's ghost (adept GrFi)
 18493 | Snake:1  | Killed Piuleypsy's ghost
 18584 | Snake:2  | Noticed Vashnia
 18618 | Snake:2  | Killed Vashnia
 18618 | Snake:2  | Reached skill level 10 in Dodging
 18789 | Snake:2  | Noticed Asterion
 18791 | Snake:2  | Noticed a cacodemon
 18806 | Snake:2  | Killed Asterion
 18806 | Snake:2  | Reached XP level 15. HP: 124/132 MP: 20/20
 18921 | Snake:2  | Noticed Nikola
 19198 | Orc:1    | Entered Level 1 of the Orcish Mines
 19259 | Orc:2    | Entered Level 2 of the Orcish Mines
 19266 | Orc:2    | Noticed Nessos
 19273 | Orc:2    | Killed Nessos
 19407 | Orc:1    | Found a dark tunnel.
 19412 | Volcano  | Entered a volcano
 19419 | Volcano  | Received a gift from Yredelemnul (a ghoul)
 19876 | Orc:2    | Noticed Josephine
 19889 | Orc:2    | Killed Josephine
 19990 | Orc:2    | Found Dubbi's General Store.
 19990 | Orc:2    | Found Arazxis's Food Emporium.
 19991 | Orc:2    | Found Cesim's Food Shoppe.
 19991 | Orc:2    | Found Erielu Saeti's Book Shop.
 19998 | Orc:2    | Noticed Donald
 20047 | Orc:2    | Received a gift from Yredelemnul (a bone dragon)
 20058 | Orc:2    | Received a gift from Yredelemnul (a ghoul)
 20060 | Orc:2    | Killed Donald
 20060 | Orc:2    | Reached skill level 10 in Invocations
 20094 | Orc:2    | Got a shimmering shield {Donald}
 20190 | Orc:2    | Found a staircase to the Elven Halls.
 20708 | D:13     | Found a blossoming altar of Fedhas.
 20900 | D:13     | Received a gift from Yredelemnul (a profane servitor)
 21135 | D:13     | Identified the +0 shield of Gapnukka {Int+3 Dex+3} (You
                  | took it off Donald on level 2 of the Orcish Mines)
 21206 | D:13     | Reached skill level 16 in Maces & Flails
 21276 | D:13     | Reached ****** piety under Yredelemnul
 21467 | D:14     | Found a gate to the Vaults.
 21532 | D:14     | Received a gift from Yredelemnul (a profane servitor)
 21651 | D:14     | Noticed Louise
 21661 | D:14     | Killed Louise
 21680 | D:14     | Noticed Roxanne
 21693 | D:14     | Killed Roxanne
 21987 | D:14     | Reached XP level 16. HP: 141/141 MP: 22/22
 22566 | D:15     | Entered Level 15 of the Dungeon
 22746 | D:15     | Found a deep blue altar of Sif Muna.
 22858 | D:15     | Received a gift from Yredelemnul (a skeletal warrior)
 23029 | D:15     | Received a gift from Yredelemnul (a phantasmal warrior)
 23031 | D:15     | Found a staircase to the Depths.
 23602 | Snake:2  | You fall through a shaft!
 23705 | Snake:3  | Found Amiden's Antique Armour Boutique.
 23708 | Snake:3  | Received a gift from Yredelemnul (a phantasmal warrior)
 23715 | Snake:3  | Found Morph's Gadget Emporium.
 23758 | Snake:3  | Found Vocuiq's Book Boutique.
 23914 | Snake:2  | Killed Nikola
 24014 | Snake:3  | Reached skill level 10 in Evocations
 24045 | Snake:3  | Found Axig Zaid's Assorted Antiques.
 24399 | Snake:3  | Received a gift from Yredelemnul (a ghoul)
 24491 | Snake:3  | Received a gift from Yredelemnul (a phantasmal warrior)
 24500 | Snake:3  | Found Xeareroc's Assorted Antiques.
 24758 | Snake:4  | Entered Level 4 of the Snake Pit
 24962 | Snake:4  | Received a gift from Yredelemnul (a vampire)
 25672 | Snake:4  | Reached XP level 17. HP: 74/152 MP: 18/24
 25690 | Snake:4  | Received a gift from Yredelemnul (a vampire)
 25735 | Snake:4  | Got a heavily runed ring mail
 25745 | Snake:4  | Got a serpentine rune of Zot
 25991 | Lair:3   | Identified the cursed +1 ring mail of Ateyciew {Str+4} (You
                  | found it on level 4 of the Snake Pit)
 26004 | Lair:3   | Learned a level 2 spell: Sticks to Snakes
 26009 | Lair:3   | Learned a level 4 spell: Petrify
 26016 | Lair:3   | Learned a level 6 spell: Statue Form
 26019 | Swamp:1  | Entered Level 1 of the Swamp
 26037 | Swamp:1  | Received a gift from Yredelemnul (a flayed ghost)
 26364 | Swamp:1  | Reached skill level 1 in Earth Magic
 26696 | Swamp:2  | Reached skill level 1 in Spellcasting
 26749 | Swamp:2  | Reached skill level 1 in Transmutations
 26768 | Swamp:2  | Received a gift from Yredelemnul (a ghoul)
 27036 | Swamp:2  | Received a gift from Yredelemnul (a vampire knight)
 27442 | Swamp:3  | Received a gift from Yredelemnul (a phantasmal warrior)
 27829 | Swamp:3  | Received a gift from Yredelemnul (a ghoul)
 27994 | Swamp:4  | Entered Level 4 of the Swamp
 28260 | Swamp:4  | Received a gift from Yredelemnul (a phantasmal warrior)
 28578 | Swamp:4  | Got a decaying rune of Zot
 28690 | Swamp:4  | Reached XP level 18. HP: 161/161 MP: 25/25
 29061 | D:11     | Noticed Snorg
 29067 | D:11     | Killed Snorg
 29132 | Elf:1    | Entered Level 1 of the Elven Halls
 30085 | Elf:2    | Received a gift from Yredelemnul (a vampire knight)
 30098 | Elf:2    | Reached skill level 17 in Maces & Flails
 30141 | Elf:2    | Found a magical portal.
 30432 | Elf:2    | Received a gift from Yredelemnul (a vampire knight)
 30468 | Elf:2    | Noticed a Brimstone Fiend
 30619 | Elf:2    | Got a translucent crystal plate armour
 30621 | Elf:2    | Got a fine large shield
 30623 | Elf:2    | Got a pair of faintly glowing boots
 30634 | Elf:2    | Identified the +1 pair of boots of Disappointment {rPois
                  | Regen+ Int+2} (You acquired it on level 2 of the Elven
                  | Halls)
 30635 | Elf:2    | Identified the +8 large shield of the Burgomaster {rC+}
                  | (You acquired it on level 2 of the Elven Halls)
 30636 | Elf:2    | Identified the +7 crystal plate armour of Anaesthesia {rC+}
                  | (You acquired it on level 2 of the Elven Halls)
 30663 | Elf:2    | Gained mutation: You are dopey. (Int -2) [mutagenic glow]
 30761 | Elf:2    | Lost mutation: You are dopey. (Int -2) [potion of mutation]
 30761 | Elf:2    | Gained mutation: You are weak. (Str -2) [potion of
                  | mutation]
 30761 | Elf:2    | Gained mutation: Your magical capacity is low. (-10% MP)
                  | [potion of mutation]
 30761 | Elf:2    | Gained mutation: You passively map a small area around you.
                  | [potion of mutation]
 30762 | Elf:2    | Lost mutation: Your magical capacity is low. (-10% MP)
                  | [potion of mutation]
 30762 | Elf:2    | Lost mutation: You passively map a small area around you.
                  | [potion of mutation]
 30762 | Elf:2    | Gained mutation: Potions are less effective at restoring
                  | your health. [potion of mutation]
 30762 | Elf:2    | Gained mutation: You are partially covered in yellow
                  | scales. (AC +2) [potion of mutation]
 30763 | Elf:2    | Lost mutation: You are weak. (Str -2) [potion of mutation]
 30763 | Elf:2    | Lost mutation: Potions are less effective at restoring your
                  | health. [potion of mutation]
 30763 | Elf:2    | Lost mutation: You are partially covered in yellow scales.
                  | (AC +2) [potion of mutation]
 30763 | Elf:2    | Gained mutation: You are resistant to electric shocks.
                  | (rElec) [potion of mutation]
 30763 | Elf:2    | Gained mutation: You are agile. (Dex +2) [potion of
                  | mutation]
 30763 | Elf:2    | Gained mutation: Your muscles are strong. (Str +2) [potion
                  | of mutation]
 30905 | Elf:2    | Found a runed gate.
 30905 | Elf:2    | Found a runed gate.
 30907 | Elf:2    | Found a runed gate.
 30957 | Elf:2    | Reached skill level 15 in Shields
 30962 | Elf:2    | Received a gift from Yredelemnul (a vampire knight)
 31021 | Elf:2    | Received a gift from Yredelemnul (a skeletal warrior)
 31296 | Elf:3    | Entered Level 3 of the Elven Halls
 31325 | Elf:3    | Reached skill level 5 in Transmutations
 31356 | Elf:3    | Reached skill level 5 in Earth Magic
 31387 | Elf:3    | Found a flickering gateway to a bazaar.
 31398 | Bazaar   | Entered a bazaar
 31422 | Bazaar   | Found Deotuedo's Antique Armour Shoppe.
 31430 | Bazaar   | Bought a faintly glowing chain mail for 323 gold pieces
 31440 | Bazaar   | Found Weywi's Magic Scroll Shoppe.
 31444 | Bazaar   | Bought a scroll of blinking for 105 gold pieces
 31463 | Bazaar   | Found Nilypp's Magic Scroll Boutique.
 31499 | Bazaar   | Found Kioss's Antique Armour Shoppe.
 31566 | Elf:3    | Found a runed door.
 31566 | Elf:3    | Found a shimmering altar of Xom.
 31566 | Elf:3    | Noticed zapotec's ghost (adept GrFi)
 31841 | Elf:3    | Received a gift from Yredelemnul (a vampire)
 31859 | Elf:3    | Identified the +1 chain mail of Tuuzo {+Fly rF- MR+ SInv}
                  | (You bought it in a shop in a bazaar)
 31862 | Elf:3    | Got a heavily runed scale mail
 31863 | Elf:3    | Identified the +4 scale mail of Otsy {rF+ MP+9} (You found
                  | it on level 3 of the Elven Halls)
 32152 | Elf:3    | Learned a level 9 spell: Shatter
 32366 | Elf:3    | Reached skill level 15 in Fighting
 32403 | Elf:3    | Noticed a Hell Sentinel
 32418 | Elf:3    | Reached XP level 19. HP: 169/170 MP: 16/27
 32425 | Elf:3    | Received a gift from Yredelemnul (a flayed ghost)
 32438 | Elf:3    | Noticed a Brimstone Fiend
 32440 | Elf:3    | Lost intelligence.
 32646 | Elf:3    | Found the +15 Maxwell's patent armour {-Cast -Tele rElec
                  | MR+ rCorr}
 32819 | Elf:3    | Identified the Grimoire of Arcane Weapons and Dark Rites
 32832 | Elf:3    | Found the +10 dark maul {crush}
 32840 | Elf:3    | Identified the Papyrus of Enhancements and Earth
 32849 | Elf:3    | Got a warped diamond amulet
 32853 | Elf:3    | Identified the amulet "Efomiqak" {Faith rC+ Str+9 Dex-5}
                  | (You found it on level 3 of the Elven Halls)
 32856 | Elf:3    | Identified the Tome of Enchantment and Stolen Souls
 33265 | Depths:1 | Entered Level 1 of the Depths
 33279 | Depths:1 | Received a gift from Yredelemnul (a vampire)
 33518 | Depths:1 | Received a gift from Yredelemnul (a vampire)
 33555 | Depths:1 | Found a gateway to a ziggurat.
 33664 | Depths:1 | Found a runed gate.
 33664 | Depths:1 | Found a runed gate.
 33664 | Depths:1 | Found a runed gate.
 33664 | Depths:1 | Found a runed gate.
 33664 | Depths:1 | Found a runed gate.
 33664 | Depths:1 | Found a runed gate.
 33665 | Depths:1 | Found the +2 Maxwell's thermic engine {flame, freeze}
 33753 | Depths:1 | Reached skill level 5 in Spellcasting
 34025 | Depths:1 | Found a gateway to Hell.
 34302 | Depths:1 | Noticed a Brimstone Fiend
 34332 | Depths:1 | Received a gift from Yredelemnul (a vampire)
 34337 | Depths:1 | Killed a Brimstone Fiend
 34339 | Depths:1 | Reached skill level 15 in Armour
 34539 | Depths:2 | Found Vyufruwn's Jewellery Emporium.
 34557 | Depths:2 | Received a gift from Yredelemnul (a skeletal warrior)
 34675 | Depths:2 | Received a gift from Yredelemnul (a vampire knight)
 34684 | Depths:2 | Found Cunit's Demolitions Depot.
 34697 | Depths:2 | Found a one-way gate to the infinite horrors of the Abyss.
 34742 | Depths:2 | Received a gift from Yredelemnul (a phantasmal warrior)
 34915 | Depths:2 | You fall through a shaft!
 34936 | Depths:3 | Received a gift from Yredelemnul (a profane servitor)
 34974 | Depths:3 | Received a gift from Yredelemnul (a phantasmal warrior)
 34977 | Depths:3 | Noticed Jory
 34985 | Depths:3 | Killed Jory
 35128 | Depths:3 | Reached XP level 20. HP: 179/179 MP: 28/28
 35173 | Depths:3 | Got an encrusted morningstar {freeze}
 35174 | Depths:3 | Identified the +4 morningstar "Nautyo" {freeze, rC- Int+4
                  | Dex+2} (You took it off a centaur warrior on level 3 of the
                  | Depths)
 35361 | Depths:3 | Found a one-way gate leading to the halls of Pandemonium.
 35708 | Depths:4 | Got an ancient large shield
 35709 | Depths:4 | Identified the +7 large shield "Vidirch" {rF+} (You
                  | acquired it on level 4 of the Depths)
 35756 | Depths:4 | Received a gift from Yredelemnul (a ghoul)
 35806 | Depths:4 | Noticed a juggernaut
 35838 | Depths:4 | Killed a juggernaut
 35989 | Depths:4 | Noticed an ancient lich
 35992 | Depths:4 | Noticed a caustic shrike
 35993 | Depths:4 | Noticed a caustic shrike
 36384 | Depths:4 | Found Ydeshri's Jewellery Shoppe.
 36386 | Depths:4 | Found Guys's Magic Scroll Emporium.
 36388 | Depths:4 | Found Toatem's Assorted Antiques.
 36488 | Depths:4 | Received a gift from Yredelemnul (a profane servitor)
 36924 | Depths:5 | Entered Level 5 of the Depths
 36924 | Depths:5 | Found the +10 Black Knight's horse barding {ponderous,
                  | rPois rN+}
 36924 | Depths:5 | Noticed a caustic shrike
 36924 | Depths:5 | Noticed a caustic shrike
 36925 | Depths:5 | Noticed a caustic shrike
 36930 | Depths:5 | Killed a caustic shrike
 36936 | Depths:5 | Killed a caustic shrike
 36946 | Depths:5 | Killed a caustic shrike
 37171 | Depths:5 | Identified the +2 hat of Aciongeto {MR++ Int+4 Dex+3} (You
                  | found it on level 5 of the Depths)
 37193 | Depths:5 | Received a gift from Yredelemnul (a vampire knight)
 37463 | Depths:5 | Found a gate to the Realm of Zot.
 37836 | Vaults:1 | Entered Level 1 of the Vaults
 38120 | Vaults:1 | Received a gift from Yredelemnul (a flayed ghost)
 38229 | Vaults:1 | Found Orcham's Food Shoppe.
 38271 | Vaults:1 | Reached XP level 21. HP: 187/187 MP: 29/29
 38577 | Vaults:1 | Received a gift from Yredelemnul (a bone dragon)
 38826 | Vaults:2 | Reached skill level 18 in Maces & Flails
 39158 | Vaults:2 | Received a gift from Yredelemnul (a phantasmal warrior)
 39289 | Vaults:2 | Found a staircase to the Crypt.
 39352 | Vaults:2 | Received a gift from Yredelemnul (a ghoul)
 39482 | Vaults:2 | Found Nuafeph's Antique Weapon Shoppe.
 40211 | Vaults:2 | Found Ethraj's Assorted Antiques.
 40216 | Vaults:2 | Bought a pair of runed gloves for 210 gold pieces
 40319 | Vaults:2 | Found Ohifeax's Antique Weapon Shoppe.
 40321 | Vaults:2 | Found Avvituric's Book Boutique.
 40323 | Vaults:2 | Received a gift from Yredelemnul (a vampire knight)
 40336 | Vaults:2 | Found Veriy's Book Shop.
 40835 | Vaults:3 | Found a portal to a secret trove of treasure.
 40991 | Vaults:3 | Noticed Margery
 41011 | Vaults:3 | Killed Margery
 41223 | Vaults:3 | Received a gift from Yredelemnul (a vampire)
 41750 | Vaults:4 | Received a gift from Yredelemnul (a flayed ghost)
 41974 | Vaults:4 | Noticed Boris
 41992 | Vaults:4 | Killed Boris
 42289 | Vaults:4 | Received a gift from Yredelemnul (a vampire)
 42412 | Vaults:4 | Found the +8 autumn katana {slice, Clar}
 42868 | Vaults:5 | Entered Level 5 of the Vaults
 43076 | Vaults:4 | Reached XP level 22. HP: 172/195 MP: 31/31
 43099 | Vaults:4 | Received a gift from Yredelemnul (a flayed ghost)
 43631 | Vaults:5 | Noticed Mara
 43632 | Vaults:5 | Paralysed by an ogre mage for 2 turns
 43633 | Vaults:5 | HP: 11/294 [tentacled monstrosity (5)]
 43633 | Vaults:5 | Slain by a tengu reaver

Skill      XL: |  1  2  3  4  5  6  7  8  9 10 11 12 13 14 15 16 17 18 19 20 21 22 |
---------------+-------------------------------------------------------------------+-----
Maces & Flails | 3 4 5 6 7 9 11 14 15 16 17 18 | 18.4
Shields        | 4 5 6 7 8 10 11 12 13 14 15 16 17 | 17.8
Fighting       | 5 7 9 10 11 12 14 15 16 | 16.4
Armour         | 5 7 9 10 11 12 13 14 15 16 | 16.1
Dodging        | 2 5 7 8 10 11 12 13 14 | 14.6
Evocations     | 2 4 5 7 8 9 10 11 12 | 12.8
Invocations    | 2 4 6 7 9 10 11 12 13 | 13.6
Earth Magic    | 3 5 7 8 9 |  9.7
Spellcasting   | 2 4 5 6 |  6.6
Transmutations | 3 5 7 8 9 |  9.8

Action                   |  1- 3 |  4- 6 |  7- 9 | 10-12 | 13-15 | 16-18 | 19-21 | 22-24 || total
-------------------------+-------+-------+-------+-------+-------+-------+-------+-------++-------
Melee: Flail             |    79 |   210 |   136 |       |       |       |       |       ||   425
       Headbutt          |    13 |    31 |    61 |   203 |   302 |   405 |   713 |    90 ||  1818
       Mace              |       |       |   172 |   608 |   813 |  1096 |  1597 |   220 ||  4506
Invok: Animate Dead      |       |       |       |     4 |     6 |       |       |       ||    10
       Recall Undead Sla |       |       |       |     1 |       |     4 |     2 |       ||     7
       Drain Life        |       |       |       |       |     4 |     4 |     4 |       ||    12
Evoke: Wand              |       |       |       |       |       |    17 |     3 |       ||    20
       Box of beasts     |       |       |       |       |       |       |     7 |       ||     7
  Use: Scroll            |     1 |     5 |    12 |     5 |    11 |    22 |    15 |     1 ||    72
       Potion            |       |       |       |       |       |     3 |    10 |     9 ||    22
 Stab: Distracted        |       |       |       |     4 |    18 |    26 |    46 |       ||    94
       Confused          |       |       |       |       |     2 |       |     3 |       ||     5
       Sleeping          |       |       |       |       |    11 |    24 |       |       ||    35
       Paralysed         |       |       |       |       |     1 |     3 |     9 |       ||    13
  Eat: Chunk             |     1 |     9 |     9 |    21 |    18 |    28 |    30 |       ||   116
       Ration            |       |       |       |     1 |     5 |     2 |     2 |     1 ||    11
Armor: Scale mail        |    24 |    40 |       |       |       |       |       |       ||    64
       Plate armour      |       |    16 |   142 |   128 |    75 |       |       |       ||   361
       Leather armour    |       |       |       |       |    43 |    88 |       |       ||   131
       Crystal plate arm |       |       |       |       |       |    45 |   418 |   170 ||   633
       Skin              |       |       |       |       |       |       |       |    30 ||    30
Dodge: Dodged            |    23 |    38 |    46 |    80 |   325 |   515 |   510 |   222 ||  1759
Block: Shield            |    44 |   114 |   233 |   387 |   750 |   720 |       |       ||  2248
       Reflection        |       |       |       |       |    45 |    89 |   149 |       ||   283
       Large shield      |       |       |       |       |       |   252 |  2325 |   614 ||  3191
